 Dungeon Crawl Stone Soup version 0.21.1-1-g345015f (webtiles) character file.

5861 microfolk the Fanfare of Bloodshed (level 10, -3/94 HPs)
             Began as a Deep Dwarf Fighter on Apr 26, 2018.
             Was a Believer of Makhleb.
             Slain by an orc warrior
             ... wielding a +0 halberd of protection
              (5 damage)
             ... on level 9 of the Dungeon.
             The game lasted 00:25:04 (8522 turns).

microfolk the Fanfare of Bloodshed (DDFi)           Turns: 8522, Time: 00:25:05

Health: -3/94      AC: 17    Str: 20    XL:     10   Next: 52%
Magic:  6/6        EV:  6    Int: 14    God:    Makhleb [**....]
Gold:   608        SH:  0    Dex: 12    Spells: 9/9 levels left

rFire    . . .     SeeInvis .   R - +5 battleaxe
rCold    . . .     Gourm    +   (shield currently unavailable)
rNeg     . . .     Faith    .   T - +0 plate armour
rPois    .         Spirit   .   (no helmet)
rElec    .         Reflect  .   W - scarf {repulsion}
rCorr    .         Harm     .   q - +2 pair of gloves
MR       +....                  (no boots)
Stlth    ..........             A - amulet of the gourmand
HPRegen  0.00/turn              u - ring of wizardry
MPRegen  0.10/turn              n - +2 ring of intelligence

@: non-regenerating, drained, repel missiles, very slow
A: damage resistance, heal wounds, sense surroundings 2, no regeneration
a: Heal Wounds, Minor Destruction, Renounce Religion


You were on level 9 of the Dungeon.
You worshipped Makhleb.
Makhleb was pleased with you.
You were very full.

You visited 2 branches of the dungeon, and saw 10 of its levels.
You also visited: Ossuary.

You collected 643 gold pieces.
You spent 35 gold pieces at shops.

Inventory:

Hand Weapons
 a - a +0 war axe
 y - a +0 hunting sling
 R - a +5 battleaxe (weapon)
Missiles
 e - 227 stones (quivered)
Armour
 b - a +0 scale mail
 c - a +0 shield
 q - a +2 pair of gloves (worn)
 T - a +0 plate armour (worn)
 W - a scarf of repulsion (worn)
Magical Staves
 H - an uncursed staff of earth {unknown}
 V - an uncursed staff of air {unknown}
Jewellery
 n - a +2 ring of intelligence (right hand)
 u - a ring of wizardry (left hand)
 x - an uncursed ring of ice
 A - an amulet of the gourmand (around neck)
 L - an uncursed ring of wizardry
 U - an uncursed amulet of faith {unknown}
Wands
 F - a wand of flame (36)
 K - a wand of enslavement (12)
 M - a wand of acid (9)
 N - a wand of scattershot (8)
 O - a wand of clouds (2)
 P - a wand of polymorph (12)
Scrolls
 h - 4 scrolls of teleportation
 i - a scroll of noise {unknown}
 l - a scroll of enchant armour {unknown}
 m - a scroll of immolation {unknown}
 o - a scroll of enchant weapon {unknown}
 p - a scroll of fog {unknown}
 r - 2 scrolls of fear
 v - a scroll of magic mapping
 C - a scroll of blinking {unknown}
 E - a scroll of summoning {unknown}
 G - a scroll of amnesia {unknown}
Potions
 d - a potion of might
 g - a potion of mutation {unknown}
 k - a potion of haste
 t - a potion of flight {unknown}
 w - 3 potions of resistance
 z - 2 potions of lignification
 B - a potion of agility
 D - a potion of cancellation {unknown}
 I - 7 potions of curing
 J - 2 potions of heal wounds {unknown}
 Q - 2 potions of brilliance {unknown}
Books
 s - a book of Changes

   Spells                             Type                      Level
   a - Beastly Appendage              Transmutation                1
   b - Sticks to Snakes               Transmutation                2
   c - Spider Form                    Transmutation/Poison         3
   d - Ice Form                       Ice/Transmutation            4
   e - Blade Hands                    Transmutation                5
Comestibles
 f - 15 rations
 S - 11 chunks of flesh


   Skills:
 + Level 7.3(7.2) Fighting
 + Level 9.9(9.8) Axes
 + Level 8.8(8.7) Armour
 - Level 3.2 Shields
 * Level 10.3(10.2) Invocations


You had 9 spell levels left.
You didn't know any spells.

Dungeon Overview and Level Annotations

Branches:
Dungeon (9/15)             Temple (1/1) D:6             Orc (0/2) D:9
   Lair: D:8-11

Altars:
Cheibriados
Dithmenos
Fedhas
Gozag
Kikubaaqudgha
Makhleb
Sif Muna
Trog
Uskayaw
Vehumet
Xom
Yredelemnul
Zin
The Shining One

Shops:
D:6 ?

Portals:
Bailey: D:9

Annotations:
D:2 1 runed door
D:4 Prince Ribbit
D:8 Psyche; Supreme's ghost, novice DEWz


Innate Abilities, Weirdness & Mutations

You are resistant to damage.
You can heal yourself by infusing magical energy.
You passively map the area around you.
You do not regenerate.


Message History

Your plate armour prevents you from hitting the orc warrior.
The orc warrior is lightly wounded.
The orc priest invokes the aid of Beogh against you.
Beogh smites you!
The orc warrior splashes around in the water.
Your plate armour prevents you from hitting the orc warrior.
The orc warrior is lightly wounded.
The orc priest calls upon Beogh to heal the orc warrior.
The orc warrior's wounds heal themselves!
The orc warrior hits you with a halberd of protection!!
* * * LOW HITPOINT WARNING * * *
Your plate armour prevents you from hitting the orc warrior.
The orc priest invokes the aid of Beogh against you.
Beogh smites you!
* * * LOW HITPOINT WARNING * * *
The orc priest calls down the wrath of Beogh upon you.
Beogh smites you!
* * * LOW HITPOINT WARNING * * *
The orc warrior hits you with a halberd of protection!
You die... *≈,* *,≈** #≈.# *,≈,* ##≈.#* *,≈,, #.≈.∩* *,≈,, #.≈.#* *,≈,, #oog# *,≈,, *ogo*

*,≈,, *#o#* **≈,,
##@# *######** *≈,,
#.)###......,***≈,,
#.≈≈≈≈≈≈≈≈≈≈≈≈≈≈≈,,
#.#..##...#........
#....##...#.......>
###..##...#........
#..##..)#........
#..##...#........
#.......#........


You could see an orc warrior, 2 orc priests, a gnoll, 2 orcs and a goblin.

Vanquished Creatures
  3 two-headed ogres
  A hornet (D:8)
  A steam dragon (D:8)
  A soldier ant (D:8)
  2 orc warriors
  A sky beast (D:3)
  3 ogres
  2 phantoms
  4 ice beasts
  A centaur (D:8)
  2 crocodiles (D:9)
  2 big kobolds (D:8)
  3 bullfrogs
  A wyvern zombie (D:9)
  A scorpion (D:8)
  11 wights
  3 howler monkeys (D:7)
  A crimson imp (D:8)
  2 jellies
  5 hounds
  6 orc priests
  A bullfrog skeleton (D:7)
  3 iguanas (D:8)
  Ijyb (D:3)
  Terence (D:2)
  2 orc wizards
  Natasha (D:1)
  8 worker ants
  4 big kobold zombies (Ossuary)
  A hound zombie (D:5)
  2 hound skeletons (D:4)
  3 mummies
  A worker ant zombie (D:7)
  A gnoll (D:9)
  8 adders
  3 shadow imps
  2 oozes (D:3)
  An adder zombie (D:6)
  An adder skeleton (D:8)
  2 dart slugs
  7 worms
  3 leopard geckos
  21 orcs
  8 giant cockroaches
  4 hobgoblins
  4 jackals (D:1)
  19 kobolds
  5 quokkas
  2 ball pythons
  7 bats
  10 frilled lizards
  8 goblins
  6 goblin zombies (Ossuary)
  A leopard gecko skeleton (D:4)
  4 orc zombies (Ossuary)
  9 rats
220 creatures vanquished.

Vanquished Creatures (others)
  A human (D:8)
1 creature vanquished.

Grand Total: 221 creatures vanquished

Notes
Turn   | Place    | Note
-------+----------+-------------------------------------------
     0 | D:1      | microfolk the Deep Dwarf Fighter began the quest for the Orb.
     0 | D:1      | Reached XP level 1. HP: 20/20 MP: 1/1
    88 | D:1      | Reached XP level 2. HP: 27/27 MP: 2/2
   584 | D:1      | Reached XP level 3. HP: 27/34 MP: 3/3
   723 | D:2      | Found a faded altar of an unknown god.
   723 | D:2      | Noticed Natasha
   737 | D:1      | Killed Natasha
   924 | D:2      | Reached XP level 4. HP: 19/42 MP: 3/3
  1341 | D:2      | Found a runed door.
  1673 | D:3      | Noticed Terence
  1707 | D:2      | Killed Terence
  1722 | D:3      | Reached XP level 5. HP: 8/49 MP: 4/4
  1773 | D:3      | Noticed a sky beast
  2382 | D:3      | Reached skill level 5 in Axes
  2454 | D:3      | Noticed Ijyb
  2479 | D:3      | Killed Ijyb
  2479 | D:3      | Reached XP level 6. HP: 43/57 MP: 4/4
  3824 | D:4      | Found a shimmering altar of Xom.
  4168 | D:4      | Reached skill level 5 in Armour
  4282 | D:5      | Entered Level 5 of the Dungeon
  4306 | D:5      | Reached XP level 7. HP: 46/64 MP: 5/5
  4368 | D:5      | Noticed Prince Ribbit
  4376 | D:5      | Found a sand-covered staircase.
  4393 | Ossuary  | Entered an ossuary
  4692 | D:5      | Found a shadowy altar of Dithmenos.
  4773 | D:5      | Found a basalt altar of Yredelemnul.
  4774 | D:5      | Found a blossoming altar of Fedhas.
  5699 | D:6      | Found a hide-covered altar of Uskayaw.
  5720 | D:6      | Reached skill level 5 in Fighting
  5720 | D:6      | Reached XP level 8. HP: 46/74 MP: 5/5
  5782 | D:6      | Found a staircase to the Ecumenical Temple.
  5791 | Temple   | Entered the Ecumenical Temple
  5800 | Temple   | Became a worshipper of Makhleb the Destroyer
  5877 | D:6      | Reached skill level 1 in Invocations
  6024 | D:6      | Found Jula's Magic Scroll Emporium.
  6028 | D:6      | Bought a scroll of fear for 35 gold pieces
  6381 | D:6      | Reached skill level 2 in Invocations
  6471 | D:7      | Reached skill level 3 in Invocations
  6642 | D:7      | Reached skill level 4 in Invocations
  6943 | D:7      | Reached skill level 5 in Invocations
  7093 | D:7      | Gained mutation: You passively map the area around you. [Deep Dwarf growth]
  7093 | D:7      | Reached XP level 9. HP: 41/82 MP: 9/9
  7214 | D:7      | Found a bloodstained altar of Trog.
  7214 | D:7      | Found a deep blue altar of Sif Muna.
  7370 | D:8      | Noticed a two-headed ogre
  7376 | D:7      | Killed a two-headed ogre
  7376 | D:7      | Reached skill level 6 in Invocations
  7393 | D:8      | Reached skill level 7 in Invocations
  7451 | D:8      | Reached * piety under Makhleb
  7506 | D:8      | Paralysed by a hornet for 3 turns
  7547 | D:8      | Noticed a two-headed ogre
  7701 | D:8      | Reached skill level 8 in Invocations
  7723 | D:8      | Noticed a two-headed ogre
  7730 | D:8      | Killed a two-headed ogre
  7730 | D:8      | Reached XP level 10. HP: 39/92 MP: 10/10
  7782 | D:8      | Found an ancient bone altar of Kikubaaqudgha.
  7799 | D:8      | Found a snail-covered altar of Cheibriados.
  7812 | D:8      | Reached skill level 9 in Invocations
  7902 | D:8      | Killed a two-headed ogre
  7990 | D:8      | Reached ** piety under Makhleb
  8140 | D:8      | Reached skill level 10 in Invocations
  8171 | D:8      | Noticed Supreme's ghost (novice DEWz)
  8174 | D:8      | Noticed Psyche
  8449 | D:9      | Found a staircase to the Orcish Mines.
  8507 | D:9      | Found a flagged portal.
  8522 | D:9      | HP: 2/94 [orc priest/divine providence (6)]
  8522 | D:9      | Slain by an orc warrior

Skill      XL: |  1  2  3  4  5  6  7  8  9 10 |
---------------+-------------------------------+-----
Axes           | 3 4 5 6 7 8 9 |  9.9
Fighting       | 3 4 5 6 7 |  7.3
Armour         | 4 5 6 7 8 |  8.8
Invocations    | 5 8 10 | 10.3
Shields        | |  3.2

Action                   |  1- 3 |  4- 6 |  7- 9 | 10-12 || total
-------------------------+-------+-------+-------+-------++-------
Melee: War axe           |   102 |   271 |   433 |       ||   806
       Battleaxe         |       |       |    14 |   132 ||   146
Throw: Stone             |       |     2 |     2 |       ||     4
Invok: Minor Destruction |       |       |       |     3 ||     3
 Abil: Heal Wounds       |     1 |     6 |    24 |    11 ||    42
  Use: Scroll            |       |     3 |     9 |     2 ||    14
       Potion            |       |       |     3 |     1 ||     4
  Eat: Chunk             |       |     7 |    21 |     3 ||    31
       Ration            |       |     1 |       |       ||     1
Armor: Scale mail        |    55 |   104 |   181 |    20 ||   360
       Plate armour      |       |       |       |    53 ||    53
Dodge: Dodged            |    41 |    70 |   113 |    61 ||   285
Block: Shield            |    64 |   105 |   180 |       ||   349
